 Dungeon Sprint DCSS version 0.21.1-1-g345015f (webtiles) character file.

240 Psiloshibe the Carver (level 8, -5/76 HPs)
             Began as a Barachi Berserker on June 10, 2018.
             Was an Elder of Trog.
             Slain by the 27-headed Lernaean hydra (12 damage)
             ... in the Dungeon (Sprint VI: "Thunderdome").
             The game lasted 00:04:27 (487 turns).

Psiloshibe the Carver (Barachi Berserker)            Turns: 487, Time: 00:04:28

Health: -5/76      AC:  5    Str: 23    XL:     8   Next: 30%
Magic:  2/2        EV: 18    Int: 16    God:    Trog [****..]
Gold:   380        SH:  0    Dex: 24    Spells: 7/7 levels left

rFire    + . .     SeeInvis .   a - +4 long sword (antimagic)
rCold    + . .     Gourm    .   (no shield)
rNeg     . . .     Faith    .   b - +0 animal skin
rPois    .         Spirit   .   (no helmet)
rElec    .         Reflect  .   (no cloak)
rCorr    +         Harm     .   (no gloves)
MR       .....     NoTele   +   (no boots)
Stlth    ++........             q - amulet of Yshriuris {+Rage Str+3 Int+5 Dex+5}
HPRegen  0.22/turn              o - ring of the Everdark {rC+ AC+3 Str-2 Dex+3}
MPRegen  0.08/turn              p - ring "Mafetre" {rCorr rF+ Int+4 Dex+5}

@: slow
A: +LOS, swims, slowness 1, strong legs 1
a: Hop, Berserk, Trog's Hand, Brothers in Arms, Burn Spellbooks, Renounce
Religion, Evoke Berserk Rage


You were in the Dungeon.
You worshipped Trog.
Trog was greatly pleased with you.
You were not hungry.

You visited 1 branch You collected 600 gold pieces.
You spent 220 gold pieces at shops.

Inventory:

Hand Weapons
 a - a +4 antimagic long sword (weapon)
 s - a +0 falchion
Missiles
 n - 7 javelins of returning (quivered)
 r - 4 steel tomahawks
Armour
 b - a +0 animal skin (worn)
Jewellery
 o - the ring of the Everdark (left hand) {rC+ AC+3 Str-2 Dex+3}
   (You bought it in a shop in the Dungeon)

   [ring of protection]

   It affects your AC (+3).
   It affects your strength (-2).
   It affects your dexterity (+3).
   It protects you from cold.
 p - the ring "Mafetre" (right hand) {rCorr rF+ Int+4 Dex+5}
   (You bought it in a shop in the Dungeon)

   [ring of resist corrosion]

   It affects your intelligence (+4).
   It affects your dexterity (+5).
   It protects you from fire.
 q - the amulet of Yshriuris (around neck) {+Rage Str+3 Int+5 Dex+5}
   (You bought it in a shop in the Dungeon)

   [amulet of rage]

   It affects your strength (+3).
   It affects your intelligence (+5).
   It affects your dexterity (+5).
   It lets you go berserk.
Wands
 k - a wand of acid (5)
 l - a wand of iceblast (5)
Scrolls
 i - 4 scrolls of blinking
 m - 3 scrolls of fog
Potions
 d - a potion of curing
 e - 4 potions of heal wounds
 f - 4 potions of haste
 g - 2 potions of magic
 h - a potion of berserk rage
 j - a potion of resistance
Comestibles
 c - 2 rations
 t - 4 chunks of flesh


   Skills:
 + Level 12.1 Fighting
 + Level 13.5 Long Blades
 * Level 4.9 Throwing
 + Level 6.2 Armour
 + Level 6.9 Dodging
 + Level 1.2 Stealth


You had 7 spell levels left.
You didn't know any spells.

Dungeon Overview and Level Annotations

Branches:
Dungeon (1/1)

Altars:
Cheibriados
Dithmenos
Fedhas
Gozag
Kikubaaqudgha
Makhleb
Okawaru
Qazlal
Ru
Sif Muna
Trog
Uskayaw
Vehumet
Wu Jian
Xom
Yredelemnul
Zin
The Shining One
Beogh
Jiyva
Lugonu

Shops:
D *[%??*?*:[((!!!!

Annotations:
D Lernaean hydra


Innate Abilities, Weirdness & Mutations

Shadows flee at your approach. (+LOS)
You can swim through water.
You cover ground slowly.
You can hop short distances.


Message History

The 27-headed Lernaean hydra is lightly wounded.
The javelin of returning returns to your pack!
Your ogre goes berserk!
You feel quite a bit more hungry. Trog will no longer gift you weapons.
The 27-headed Lernaean hydra bites you.
The 27-headed Lernaean hydra bites you! x2
The 27-headed Lernaean hydra bites you. x2
The 27-headed Lernaean hydra bites you but does no damage.
The 27-headed Lernaean hydra barely misses you. x2
The 27-headed Lernaean hydra bites you!
The 27-headed Lernaean hydra misses you.
The 27-headed Lernaean hydra bites you!
* * * LOW HITPOINT WARNING * * *
The 27-headed Lernaean hydra bites you but does no damage.
The 27-headed Lernaean hydra misses you.
The 27-headed Lernaean hydra bites you.
* * * LOW HITPOINT WARNING * * *
The 27-headed Lernaean hydra completely misses you.
The 27-headed Lernaean hydra bites you!
You die...

#_......._# ###.........###
#⌠...........⌠#
######.8.........8.######
##∩__.......###......._.∩##
###∩........8.# #.8........∩###
##.."÷.........###.............##
#⌠..........###...###..........⌠#
#⌠..........# #.@.# #..........⌠#
#⌠..........###O.D###..........⌠#
##.............###.............##
###∩........8.# #.8........∩###
##∩___......###......___∩##
######.8.........8.######
#⌠...........⌠# ###.........###
#_......._#


You could see the 27-headed Lernaean hydra and a friendly ogre (berserk).

Vanquished Creatures
  A rime drake (D)
  Grinder (D)
  A floating eye (D)
  2 ice beasts (D)
  2 scorpions (D)
  A crimson imp (D)
  A quasit (D)
  An iron imp (D)
  4 jellies (D)
  A white imp (D)
  An ufetubus (D)
  An ooze (D)
  2 worms (D)
  An adder simulacrum (D)
  2 giant cockroaches (D)
22 creatures vanquished.

Notes
Turn   | Place    | Note
-------+----------+-------------------------------------------
     0 | D        | Psiloshibe the Barachi Berserker began the quest for the Orb.
     0 | D        | Reached XP level 1. HP: 18/18 MP: 1/1
     0 | D        | Found a viscous altar of Jiyva.
     0 | D        | Found a shimmering altar of Xom.
     3 | D        | Found a radiant altar of Vehumet.
     3 | D        | Found a basalt altar of Yredelemnul.
     4 | D        | Found a shadowy altar of Dithmenos.
     4 | D        | Found an opulent altar of Gozag.
     5 | D        | Found a glowing silver altar of Zin.
     5 | D        | Found an ornate altar of the Wu Jian Council.
     5 | D        | Round 1.
     6 | D        | Found Munucwye's Delicious Food.
     6 | D        | Found a hide-covered altar of Uskayaw.
     6 | D        | Found Cuadworchela's Identification Station.
     6 | D        | Found a glowing golden altar of the Shining One.
     7 | D        | Found Jafuthou's Jewellery.
     7 | D        | Found Rafiras's Advanced Armour.
     7 | D        | Found a sacrificial altar of Ru.
     7 | D        | Found an iron altar of Okawaru.
     7 | D        | Found an ancient bone altar of Kikubaaqudgha.
     9 | D        | Noticed a scorpion
    15 | D        | Killed a scorpion
    15 | D        | Reached skill level 6 in Long Blades
    15 | D        | Reached XP level 2. HP: 29/29 MP: 2/2
    15 | D        | Reached XP level 3. HP: 35/35 MP: 3/3
    20 | D        | Bought a vibrating brass amulet for 45 gold pieces
    20 | D        | Bought a bound jade ring for 45 gold pieces
    20 | D        | Bought a pitted golden ring for 45 gold pieces
    20 | D        | Identified the amulet "Sivvew" {Inacc rElec rF+ rN+} (You bought it in a shop in the Dungeon)
    22 | D        | Bought a wavering brass amulet for 45 gold pieces
    22 | D        | Identified the amulet of Yshriuris {+Rage Str+3 Int+5 Dex+5} (You bought it in a shop in the Dungeon)
    23 | D        | Noticed a scorpion
    23 | D        | Identified the ring of the Everdark {rC+ AC+3 Str-2 Dex+3} (You bought it in a shop in the Dungeon)
    24 | D        | Identified the ring "Mafetre" {rCorr rF+ Int+4 Dex+5} (You bought it in a shop in the Dungeon)
    28 | D        | Killed a scorpion
    28 | D        | Reached skill level 7 in Long Blades
    28 | D        | Reached XP level 4. HP: 29/43 MP: 4/4
    37 | D        | Reached ** piety under Trog
    58 | D        | Found Fapso's Magic Scroll Shop.
    58 | D        | Found Estoh's Staff Store.
    59 | D        | Found Nez Soty's Magic Scroll Shop.
    59 | D        | Found Rely's Must-Have Magic.
    64 | D        | Found a deep blue altar of Sif Muna.
    66 | D        | Found Boir's Distillery.
    66 | D        | Found a burning altar of Makhleb.
    66 | D        | Found a stormy altar of Qazlal.
    66 | D        | Found a blossoming altar of Fedhas.
    66 | D        | Found Iduunet's Do-It-Yourself Clinic.
    67 | D        | Found Kiasmi Ykhlu's Distillery.
    67 | D        | Found Onu Leih's Bottled Wisdom.
    69 | D        | Arena points: 14 (+14) [x2]
    89 | D        | Found a snail-covered altar of Cheibriados.
    90 | D        | Found a bloodstained altar of Trog.
    91 | D        | Found Ifonill's Premium Goods.
    92 | D        | Found a corrupted altar of Lugonu.
    92 | D        | Found a roughly hewn altar of Beogh.
    92 | D        | Found Miegef's Weapon Rack.
    92 | D        | Found Hecuivuqoh's Miscellaneous Merchandise.
    92 | D        | Found Hitz's Basic Armour.
   104 | D        | Round 2.
   105 | D        | Noticed Grinder
   105 | D        | Paralysed by Grinder for 5 turns
   116 | D        | Killed Grinder
   116 | D        | Reached *** piety under Trog
   116 | D        | Reached skill level 10 in Fighting
   116 | D        | Reached skill level 10 in Long Blades
   116 | D        | Reached skill level 5 in Armour
   116 | D        | Reached skill level 5 in Dodging
   116 | D        | Reached XP level 5. HP: 53/53 MP: 5/5
   116 | D        | Reached XP level 6. HP: 60/60 MP: 6/6
   146 | D        | Reached skill level 11 in Long Blades
   184 | D        | Reached **** piety under Trog
   184 | D        | Reached skill level 1 in Throwing
   208 | D        | Arena points: 56 (+42) [x3]
   250 | D        | Round 3.
   273 | D        | Reached XP level 7. HP: 58/67 MP: 7/7
   286 | D        | Reached ***** piety under Trog
   286 | D        | Received a gift from Trog
   318 | D        | Paralysed by a floating eye for 2 turns
   324 | D        | Reached skill level 12 in Long Blades
   362 | D        | Arena points: 140 (+84) [x4]
   377 | D        | Bought 2 rations for 40 gold pieces
   410 | D        | Round 4.
   415 | D        | Noticed a rime drake
   420 | D        | Killed a rime drake
   420 | D        | Received a gift from Trog
   420 | D        | Reached skill level 13 in Long Blades
   420 | D        | Reached skill level 1 in Stealth
   420 | D        | Reached XP level 8. HP: 76/76 MP: 8/8
   438 | D        | Received a gift from Trog
   459 | D        | Arena points: 240 (+100) [x5]
   471 | D        | Round 5.
   481 | D        | Noticed the 27-headed Lernaean hydra
   487 | D        | Slain by the 27-headed Lernaean hydra

Skill      XL: |  1  2  3  4  5  6  7  8 |
---------------+-------------------------+-----
Fighting       | 6 7 10 11 12 | 12.1
Long Blades    | 6 7 10 11 13 | 13.5
Armour         | 3 4 5 6 |  6.2
Dodging        | 3 5 6 |  6.9
Throwing       | 2 4 |  4.9
Stealth        | 1 |  1.2

Action                   |  1- 3 |  4- 6 |  7- 9 || total
-------------------------+-------+-------+-------++-------
Melee: Falchion          |     5 |    49 |    31 ||    85
Throw: Javelin           |       |       |     6 ||     6
Invok: Berserk           |     1 |     1 |     1 ||     3
       Trog's Hand       |       |     2 |     1 ||     3
       Brothers in Arms  |       |       |     2 ||     2
  Eat: Ration            |       |       |     1 ||     1
Armor: Animal skin       |     1 |    13 |     4 ||    18
Dodge: Dodged            |     3 |    27 |    16 ||    46
       Rpst.: Falchion   |     1 |    10 |     5 ||    16
